 Dungeon Crawl Stone Soup version 0.31.0-11-ge490571c62 (webtiles) character file.

Game seed: 12380689427048125239

240 Turbognida the Ruffian (level 5, -1/37 (40) HPs)
             Began as a Draconian Shapeshifter on Jan 28, 2024.
             Slain by a wight
             ... wielding a +0 trident
              (6 damage)
             ... in an ossuary.
             The game lasted 00:09:21 (2962 turns).

Turbognida the Ruffian (Draconian Shapeshifter)     Turns: 2962, Time: 00:09:22

HP:   -1/37 (40)    AC:  5    Str: 18    XL:     5   Next: 80%
MP:   5/5           EV: 12    Int: 10    God:
Gold: 218           SH:  0    Dex: 11    Spells: 4/4 levels left

rFire   . .          .
                       - Unarmed
rCold   . . .        (no shield)
rNeg    . . .        (body armour unavailable)
rPois   .            (helmet currently unavailable)
rElec   .            (cloak currently unavailable)
rCorr   .            (gloves currently unavailable)
SInv    .            (boots currently unavailable)
Will    .....        (no amulet)
Stlth   +            k - +4 ring of slaying
HPRegen 0.26/turn    (no ring)
MPRegen 0.09/turn

%: no passive effects
@: beast-form, studying Shapeshifting, drained
A: beast (slay +2), AC +5, unfitting armour, cold-blooded
a: Begin Untransformation


You were in an ossuary.
You were a hulking beast.
You visited 1 branch of the dungeon, and saw 4 of its levels.
You also visited: Ossuary.

You collected 218 gold pieces.

Inventory:

Armour
 i - a +0 leather armour
Jewellery
 k - a +4 ring of slaying (left hand)
 o - a ring of ice
Talismans
 b - a beast talisman (active)
 c - a flux talisman
Scrolls
 d - 2 scrolls of identify {unknown}
 f - a scroll of teleportation {unknown}
 g - 3 scrolls of revelation {unknown}
 h - a scroll of summoning {unknown}
 p - a scroll of fear {unknown}
 q - a scroll of vulnerability {unknown}
 r - a scroll of noise {unknown}
 s - a scroll of amnesia {unknown}
Potions
 a - 2 potions of lignification
 e - a potion of heal wounds {unknown}
 j - a potion of mutation {unknown}
 l - 2 potions of curing {unknown}
 m - 2 potions of attraction {unknown}
 n - a potion of magic {unknown}


   Skills:
 + Level 1.2 Fighting
 + Level 2.4 Dodging
 + Level 0.8 Stealth
 * Level 5.5 Unarmed Combat
 + Level 4.0 Shapeshifting


You had 4 spell levels left.
You didn't know any spells.
Your spell library contained the following spells:

 Spells                   Type           Power      Damage    Failure   Level
 Foxfire                  Conj/Fire      0%         2x1d4     36%         1
 Freeze                   Ice            0%         1d3       36%         1
 Kiss of Death            Conj/Necr      0%         2d5       36%         1
 Ensorcelled Hibernation  Hex/Ice        0%         N/A       50%         2
 Confusing Touch          Hex            0%         N/A       75%         3
 Frozen Ramparts          Ice            0%         1d1       75%         3
 Hailstorm                Conj/Ice       0%         3d5       75%         3
 Passwall                 Erth           0%         N/A       75%         3
 Stone Arrow              Conj/Erth      0%         3d7       75%         3
 Swiftness                Air            0%         N/A       75%         3
 Dispel Undead            Necr           0%         3d6       98%         4
 Plasma Beam              Fire/Air       0%         2x1d10    100%        6
 Starburst                Conj/Fire      0%         6d3       100%        6
 Lehudib's Crystal Spear  Conj/Erth      0%         10d2      100%        8
 Animate Armour           Summ/Erth      Unusable   N/A       N/A         4

Dungeon Overview and Level Annotations

Branches:
Dungeon (4/15)            Ossuary (1/1)
 Temple: D:4-7

Altars:
Kikubaaqudgha
Okawaru
The Shining One

Shops:
D:1 (   D:2 [


Innate Abilities, Weirdness & Mutations

You are a hulking beast.
Your limbs bulge with bestial killing power. (Slay +2)
Your plain brown scales are hard. (AC +5)
You cannot fit into any form of body armour.
You are cold-blooded and may be slowed by cold attacks.


Message History

The kobold skeleton hits you but does no damage.
The gnoll skeleton completely misses you.
The kobold skeleton closely misses you.
You punch the gnoll skeleton!
You destroy the gnoll skeleton!
The kobold skeleton hits you but does no damage.
You punch the kobold skeleton!
You destroy the kobold skeleton!
Found a gate leading back out of this place.
A kobold skeleton and 2 orc skeletons come into view.
There are monsters nearby!
You punch the orc skeleton!
You destroy the orc skeleton!
You punch the kobold skeleton!
You destroy the kobold skeleton!
The orc skeleton barely misses you.
You punch the orc skeleton!
You destroy the orc skeleton!
No target in view!
You open the door.
There is an open door here.
You open the door.
A burial acolyte and 2 wights come into view.
Found eight items.
The wight hits you with a +0 trident!
There is an open door here.
You closely miss the wight. You punch the wight!
The wight is heavily damaged.
The wight hits you with a +0 trident!
You feel drained.
You closely miss the wight.
The wight is heavily damaged.
The burial acolyte shouts!
The wight hits you with a +0 trident!
* * * LOW HITPOINT WARNING * * *
The wight hits you with a +2 long sword.
* * * LOW HITPOINT WARNING * * *
You feel drained.
* * * LOW HITPOINT WARNING * * *
The wight hits you from afar with a +0 trident.
You die...

#####################
....................#
..................∩.#
..#####'#####.......#
#....h....##......#
#...##z##...##.....#
#...##pz.##...##....#
...##.!.?.##...#....#
.. #..!?!?.# ..#....#
. ##.?.?.## .#....#
.##...##. ##....#
...#####...##.....#
##.. ..##......#


You could see a burial acolyte and 2 wights.

Vanquished Creatures
  A bombardier beetle (D:3)
  An orc wizard (D:2)
  A mummy (Ossuary)
  A gnoll (D:1)
  4 adders
  2 dart slugs
  A ribbon worm (D:2)
  9 orcs
  7 endoplasms
  2 giant cockroaches
  4 goblins
  6 hobgoblins
  11 jackals
  2 quokkas
  12 ball pythons
  7 bats
  9 frilled lizards
  8 gnoll skeletons (Ossuary)
  6 kobolds
  2 kobold skeletons (Ossuary)
  4 orc skeletons (Ossuary)
  8 rats
108 creatures vanquished.

Vanquished Creatures (others)
  A human (D:3)
1 creature vanquished.

Grand Total: 109 creatures vanquished

Notes
Turn   | Place    | Note
-------+----------+-------------------------------------------
     0 | D:1      | Turbognida the Draconian Shapeshifter began the quest for
                  | the Orb.
     0 | D:1      | Reached XP level 1. HP: 16/16 MP: 1/1
    70 | D:1      | Reached XP level 2. HP: 18/23 MP: 2/2
   379 | D:1      | Reached XP level 3. HP: 14/28 MP: 3/3
   674 | D:1      | Found Koguwez's Antique Weapon Emporium.
   790 | D:1      | Reached skill level 4 in Unarmed Combat
  1114 | D:2      | Reached XP level 4. HP: 35/35 MP: 4/4
  1263 | D:2      | Found Efease Fidi's Antique Armour Emporium.
  1305 | D:2      | Found a faded altar of an unknown god.
  2161 | D:3      | Reached skill level 5 in Unarmed Combat
  2161 | D:3      | Reached XP level 5. HP: 39/40 MP: 5/5
  2410 | D:3      | Found an iron altar of Okawaru.
  2513 | D:3      | Found an ancient bone altar of Kikubaaqudgha.
  2514 | D:3      | Noticed a human
  2517 | D:3      | Killed a human
  2777 | D:3      | Found a faded altar of an unknown god.
  2780 | D:3      | Found a glowing golden altar of the Shining One.
  2856 | D:4      | Found a sand-covered staircase.
  2861 | Ossuary  | Entered an ossuary
  2962 | Ossuary  | Slain by a wight

Illustrated notes

Levels and vault maps discovered:
D:1:      psy_arrival_whirlpool, layout_basic, serial_shops, shop, hex_medium
D:2:      layout_basic, serial_curves, eino_curves_02, eino_curves_04,
          serial_shops, shop_statue, chequers_ecumenical_altar_simple_redux,
          minmay_liquid_box, minmay_lizard_king
D:3:      layout_basic, mainiacjoe_overflow_cross_hatched,
          nicolae_overflow_ecumenical_swirl, tgw_kikubaaqudgha,
          interstate_on_off
D:4:      layout_basic, ebering_ghost_reflecting_pool, enter_ossuary_5,
          cheibrodos_gnoll_hut
Ossuary:  ossuary_due_mausoleum

Skill      XL: |  1  2  3  4  5 |
---------------+----------------+-----
Unarmed Combat | 4 5 |  5.5
Dodging        | 2 |  2.4
Shapeshifting  | 4 |  4.0
Fighting       | |  1.2
Stealth        | |  0.8

Action                     |  1- 3 |  4- 6 || total
---------------------------+-------+-------++-------
  Melee: Unarmed           |    95 |   128 ||   223
         Tailslap          |     9 |    17 ||    26
         Punch             |     2 |     4 ||     6
   Stab: Sleeping          |       |     2 ||     2
 Armour: Skin              |    52 |    77 ||   129
  Dodge: Dodged            |    93 |    89 ||   182
   Form: Beast             |     1 |       ||     1
